 Dungeon Crawl Stone Soup version 0.29.1-14-g9c671dbff4 (webtiles) character file.

Game seed: 10295034037338362779

89 hawla the Firebug (level 5, -4/38 HPs)
             Began as a Meteoran Fire Elementalist on Feb 12, 2023.
             Slain by a gnoll
             ... wielding a +0 flail
              (7 damage)
             ... on level 3 of the Dungeon.
             The game lasted 00:06:08 (946 turns).

hawla the Firebug (Meteoran Fire Elementalist)       Turns: 946, Time: 00:06:09

Health: -4/38      AC:  2    Str: 15    XL:     5   Next: 10%
Magic:  3/11       EV: 13    Int: 18    God:
Gold:   102        SH:  0    Dex: 15    Spells: 4/11 levels left

rFire   . . .      SeeInvis .   (no weapon)
rCold   . . .      Faith    .   (no shield)
rNeg    . . .      Spirit   .   a - +0 robe
rPois   .          Reflect  .   (no helmet)
rElec   .          Harm     .   (no cloak)
rCorr   .          Rampage  .   (no gloves)
Will    .....                   (no boots)
Stlth   +.........              (no amulet)
HPRegen 0.12/turn               g - +6 ring of strength
MPRegen 0.12/turn               (no ring)

@: mighty, very slightly contaminated, glowing
A: sense surroundings 1, otherworldly, glowing, explore regen
a: no special abilities


You were on level 3 of the Dungeon.
You visited 1 branch of the dungeon, and saw 3 of its levels.

You collected 102 gold pieces.

Inventory:

Armour
 a - a +0 robe (worn)
Jewellery
 g - a +6 ring of strength (left hand)
Scrolls
 c - a scroll of teleportation


   Skills:
 - Level 0.3 Fighting
 - Level 3.0 Dodging
 - Level 1.4 Stealth
 - Level 3.8 Spellcasting
 + Level 2.7 Conjurations
 - Level 4.5 Fire Magic


You had 4 spell levels left.
You knew the following spells:

 Your Spells              Type           Power      Damage    Failure   Level
a - Foxfire               Conj/Fire      64%        2x1d7     3%          1
b - Scorch                Fire           38%        2d6       3%          2
c - Flame Wave            Conj/Fire      16%        2d7       32%         4

Your spell library contained the following spells:

 Spells                   Type           Power      Damage    Failure   Level
 Conjure Flame            Conj/Fire      16%        6-21      10%         3
 Sting                    Tmut/Pois      12%        1d3       16%         1
 Inner Flame              Hex/Fire       11%        N/A       17%         3
 Poisonous Vapours        Pois/Air       6%         N/A       22%         2
 Olgreb's Toxic Radiance  Pois           3%         N/A       83%         4


Dungeon Overview and Level Annotations

Branches:
Dungeon (3/15) Zot: 848

Altars:
Makhleb


Innate Abilities, Weirdness & Mutations

You passively map a small area around you.
You are easily found by Zot.
You glow in the dark.
You regain HP and MP as you explore.


Message History

Casting: Foxfire (safe; 3% risk of failure)
Confirm with . or Enter, or press ? or * to list all spells.
You conjure some foxfire!
The foxfire hits the kobold.
The kobold is moderately wounded.
The foxfire hits the kobold.
You kill the kobold!
The foxfire hits the orc.
The orc is moderately wounded.
The foxfire hits the orc.
The orc is heavily wounded.
The orc barely misses you.
Casting: Foxfire (safe; 3% risk of failure)
Confirm with . or Enter, or press ? or * to list all spells.
The spell is extremely dangerous to miscast (32% risk of failure)!
Continue anyway?
Casting: Flame Wave (extremely dangerous; 32% risk of failure)
Press: ? - help, Dir - look around, f - activate You miscast Flame Wave.
You are very lightly contaminated with residual magic.
You feel uncomfortably hot! The gnoll hits you with a +0 flail.
The orc closely misses you.
Unknown command.
Casting: Flame Wave (extremely dangerous; 32% risk of failure)
Confirm with . or Enter, or press ? or * to list all spells.
You don't have enough magic to cast this spell.
You feel very mighty all of a sudden. The gnoll barely misses you.
The orc hits you with a +0 trident.
You hit the orc.
The orc is almost dead.
The gnoll barely misses you. The orc closely misses you.
The gnoll hits you with a +0 flail!
* * * LOW HITPOINT WARNING * * *
Unknown command.
You barely miss the orc.
The orc is almost dead.
The gnoll closely misses you. The orc barely misses you.
Unknown command.
You hit the orc.
You kill the orc!
The gnoll hits you with a +0 flail!
You die...

, , .............. , ,
........................
.....................?.#
...............>...[....
........................
#.......................
, .........g....... *
#....g)g...# #.#* , **
#..@#######.# **
#........##.# * * ,
.......#####.##.#
,######...###..#.# #
###......#.###.#
#######......# #...####
#####


You could see 3 gnolls.

Vanquished Creatures
  An orc priest (D:2)
  2 gnolls (D:3)
  A dart slug (D:2)
  4 orcs
  4 ball pythons
  7 bats
  2 endoplasms (D:2)
  2 giant cockroaches (D:2)
  A goblin (D:2)
  3 hobgoblins (D:2)
  3 frilled lizards (D:2)
  2 kobolds
  3 rats
35 creatures vanquished.

Vanquished Creatures (others)
  66 foxfires
66 creatures vanquished.

Grand Total: 101 creatures vanquished

Notes
Turn   | Place    | Note
-------+----------+-------------------------------------------
     0 | D:1      | hawla the Meteoran Fire Elementalist began the quest for
                  | the Orb.
     0 | D:1      | Reached XP level 1. HP: 14/14 MP: 5/5
    34 | D:1      | Reached XP level 2. HP: 14/20 MP: 3/6
    37 | D:1      | Learned a level 2 spell: Scorch
   103 | D:2      | Reached skill level 4 in Fire Magic
   177 | D:2      | Reached XP level 3. HP: 26/26 MP: 5/8
   350 | D:2      | Found a burning altar of Makhleb.
   459 | D:2      | HP: 1/26 [orc priest/+0 war axe (4)]
   461 | D:2      | Reached XP level 4. HP: 1/33 MP: 0/10
   466 | D:2      | Learned a level 4 spell: Flame Wave
   485 | D:2      | Found a faded altar of an unknown god.
   912 | D:3      | Reached XP level 5. HP: 12/38 MP: 0/11
   946 | D:3      | Slain by a gnoll

Illustrated notes

Levels and vault maps discovered:
D:1:      reono_arrival_forest_river, layout_loops_ring,
          minmay_misc_feat_secret_circle
D:2:      layout_loops_ring, basic_altar, dreamdust_ecumenical_altar_statues
D:3:      layout_rooms, gammafunk_temple_overflow_wave

Skill      XL: |  1  2  3  4 |
---------------+-------------+-----
Spellcasting   | 3 |  3.8
Fire Magic     | 4 |  4.5
Dodging        | 3 |  3.0
Conjurations   | 2 |  2.7
Fighting       | |  0.3
Stealth        | |  1.4

Action                   |  1- 3 |  4- 6 || total
-------------------------+-------+-------++-------
Melee: Unarmed           |    16 |     4 ||    20
 Cast: Foxfire           |    31 |     8 ||    39
       Scorch            |     5 |     1 ||     6
       Flame Wave        |       |     1 ||     1
  Use: Potion            |     2 |     1 ||     3
       Scroll            |     1 |     7 ||     8
Armor: Robe              |    12 |       ||    12
Dodge: Dodged            |    43 |    11 ||    54
